PAAA
FLORIDA MEN @ PHOENIX HOTSPUR RESERVES
09/17/2022
 
TOP OF THE 1ST
Florida Men batting - Pitching for Phoenix Hotspur Reserves : RHP Aaron Campbell
Pitching: RHP Aaron Campbell
Batting: RHB Albert Morales 0-0: Ball
1-0: Ball
2-0: Ground out 6-3 (Groundball, 6)
Batting: LHB Bastyăo Lizardo 0-0: Called Strike
0-1: Ball
1-1: Fly out, F7 (Flyball, 7D)
Batting: LHB Jim Unknown 0-0: Called Strike
0-1: Ball
1-1: Ball
2-1: Ground out 4-3 (Groundball, 4)
Top of the 1st over - 0 run(s), 0 hit(s), 0 error(s), 0 left on base; Florida 0 - Phoenix 0
BOTTOM OF THE 1ST
Phoenix Hotspur Reserves batting - Pitching for Florida Men : RHP Jim Unknown
Pitching: RHP Jim Unknown
Batting: RHB Gabriel Pérez 0-0: Called Strike
0-1: Foul Ball, location: 2F
0-2: Ball
1-2: Ball
2-2: Strikes out swinging
Batting: RHB Ben Anderson 0-0: SINGLE (Groundball, 6M)
Batting: SHB Roberto López 0-0: Called Strike
0-1: Ball
1-1: Ball
2-1: Foul Ball, location: 2F
2-2: Ball
3-2: DOUBLE (Line Drive, 9LM)
Ben Anderson to third
Runner from 3rd tries for Home, SAFE, no throw or cutoff
Batting: RHB Fernando Rivera Single, Error in OF, E7, batter to second base
Roberto López scores
Batting: RHB Mike Alford 0-0: Ball
1-0: Ball
2-0: Foul Ball, location: 2F
2-1: SINGLE (Groundball, 6M)
Fernando Rivera to third
Runner from 3rd tries for Home, SAFE, no throw or cutoff
Batting: RHB Júlio Mateo 0-0: Swinging Strike
0-1: Ball
1-1: Ball
2-1: Foul Ball, location: 2F
2-2: Foul Ball, location: 2F
2-2: SINGLE (Groundball, 6MD)
Mike Alford to second
Batting: RHB Ed Sharp 0-0: Ball
1-0: DOUBLE (Flyball, 78M)
Mike Alford scores
Júlio Mateo to third
Batting: SHB Jesús González 0-0: Ball
1-0: Ball
2-0: Foul Ball, location: 2F
2-1: Foul Ball, location: 2F
2-2: Foul Ball, location: 2F
2-2: Ground out 4-3 (Groundball, 4)
Júlio Mateo scores
Ed Sharp to third
Batting: RHB Alejandro Ibarra 0-0: Called Strike
0-1: Called Strike
0-2: Strikes out swinging
Bottom of the 1st over - 5 run(s), 6 hit(s), 1 error(s), 1 left on base; Florida 0 - Phoenix 5
TOP OF THE 2ND
Florida Men batting - Pitching for Phoenix Hotspur Reserves : RHP Aaron Campbell
Batting: RHB Carlos Rodríguez 0-0: Ball
1-0: Ball
2-0: Called Strike
2-1: Called Strike
2-2: Fly out, F2 (Popup, 2RF)
Batting: RHB Jim Unknown 0-0: Ball
1-0: Fly out, F9 (Flyball, 89D)
Batting: RHB Frank Collins 0-0: Ball
1-0: Ball
2-0: Ball
3-0: Called Strike
3-1: Swinging Strike
3-2: Foul Ball, location: 2F
3-2: Base on Balls
Batting: LHB Mito Rin 0-0: Ball
Frank Collins steals 2nd base
1-0: Called Strike
1-1: SINGLE (Line Drive, 78S)
Frank Collins to third
Runner from 3rd tries for Home, SAFE, no throw or cutoff
Batting: RHB Won-min Yi 0-0: Fly out, F3 (Popup, 3SF)
Top of the 2nd over - 1 run(s), 1 hit(s), 0 error(s), 1 left on base; Florida 1 - Phoenix 5
BOTTOM OF THE 2ND
Phoenix Hotspur Reserves batting - Pitching for Florida Men : RHP Jim Unknown
Batting: RHB Gabriel Pérez 0-0: Ball
1-0: Ball
2-0: Ball
3-0: Called Strike
3-1: Foul Ball, location: 2F
3-2: Base on Balls
Batting: RHB Ben Anderson 0-0: Ball
1-0: Ball
2-0: Ball
3-0: Base on Balls
Gabriel Pérez to second
Batting: SHB Roberto López 0-0: Called Strike
0-1: Ball
1-1: Ball
2-1: Foul Ball, location: 2F
2-2: Ball
Passed Ball!
Gabriel Pérez to third
Ben Anderson to second
3-2: SINGLE (Line Drive, 34)
Gabriel Pérez scores
Ben Anderson to third
Batting: RHB Fernando Rivera 0-0: Called Strike
0-1: SINGLE (Line Drive, 4M)
Ben Anderson scores
Roberto López to second
Batting: RHB Mike Alford 0-0: Ball
1-0: SINGLE (Groundball, 25) (infield hit)
Roberto López to third
Fernando Rivera to second
Pitching: LHP Jim Unknown
Batting: RHB Júlio Mateo 0-0: Called Strike
0-1: Swinging Strike
0-2: Strikes out swinging
Batting: RHB Ed Sharp 0-0: Called Strike
0-1: Called Strike
0-2: Fly out, F5 (Popup, 5)
Batting: SHB Jesús González 0-0: SINGLE (Line Drive, 56)
Roberto López scores
Fernando Rivera to third
Mike Alford to second
Runner from 3rd tries for Home, SAFE, no throw or cutoff
Batting: RHB Alejandro Ibarra 0-0: SINGLE (Line Drive, 7S)
Mike Alford to third
Jesús González to second
Runner from 3rd tries for Home, SAFE, no throw or cutoff
Batting: RHB Gabriel Pérez 0-0: Ball
1-0: Swinging Strike
1-1: Foul Ball, location: 2F
1-2: Foul Ball, location: 2F
1-2: Strikes out swinging
Bottom of the 2nd over - 5 run(s), 5 hit(s), 0 error(s), 2 left on base; Florida 1 - Phoenix 10
TOP OF THE 3RD
Florida Men batting - Pitching for Phoenix Hotspur Reserves : RHP Aaron Campbell
Batting: RHB Seon-keun Kim 0-0: Ground out 6-3 (Groundball, 6M)
Batting: RHB Albert Morales 0-0: Ball
1-0: Called Strike
1-1: Foul Ball, location: 2F
1-2: Fly out, F8 (Flyball, 8LXD)
Batting: LHB Bastyăo Lizardo 0-0: Ball
1-0: Ground out U3 (Groundball, 3)
Top of the 3rd over - 0 run(s), 0 hit(s), 0 error(s), 0 left on base; Florida 1 - Phoenix 10
BOTTOM OF THE 3RD
Phoenix Hotspur Reserves batting - Pitching for Florida Men : LHP Jim Unknown
Batting: RHB Ben Anderson 0-0: Called Strike
0-1: Called Strike
0-2: Foul Ball, location: 2F
0-2: Foul Ball, location: 2F
0-2: Ball
1-2: Ball
2-2: SINGLE (Flyball, 9S)
Batting: SHB Roberto López 0-0: Ball
1-0: Ball
2-0: Called Strike
2-1: Foul Ball, location: 2F
2-2: Ball
3-2: Foul Ball, location: 2F
3-2: Foul Ball, location: 2F
3-2: SINGLE (Groundball, 6D)
Ben Anderson to second
Batting: RHB Fernando Rivera 0-0: Ball
Wild Pitch!
Ben Anderson to third
Roberto López to second
1-0: Foul Ball, location: 2F
1-1: Foul Ball, location: 2F
1-2: Ball
2-2: Foul Ball, location: 2F
2-2: Ball
3-2: Foul Ball, location: 2F
3-2: Foul Ball, location: 2F
3-2: Foul Ball, location: 2F
3-2: Strikes out looking
Batting: RHB Mike Alford 0-0: Ball
1-0: Fly out, F8 (Flyball, 8RM)
Runner from 3rd tags up, SCORES, throw made
Batting: RHB Júlio Mateo 0-0: Swinging Strike
0-1: Ball
1-1: Foul Ball, location: 2F
1-2: Strikes out swinging
Bottom of the 3rd over - 1 run(s), 2 hit(s), 0 error(s), 1 left on base; Florida 1 - Phoenix 11
TOP OF THE 4TH
Florida Men batting - Pitching for Phoenix Hotspur Reserves : RHP Aaron Campbell
Batting: LHB Jim Unknown 0-0: Fly out, F8 (Flyball, 8RD)
Batting: RHB Carlos Rodríguez 0-0: Called Strike
0-1: Ground out 5-3 (Groundball, 56)
Batting: RHB Jim Unknown 0-0: Ball
1-0: Fly out, F7 (Flyball, 7M)
Top of the 4th over - 0 run(s), 0 hit(s), 0 error(s), 0 left on base; Florida 1 - Phoenix 11
BOTTOM OF THE 4TH
Phoenix Hotspur Reserves batting - Pitching for Florida Men : LHP Jim Unknown
Batting: RHB Ed Sharp 0-0: Called Strike
0-1: SOLO HOME RUN (Flyball, 7D), Distance : 384 ft
Batting: SHB Jesús González 0-0: Swinging Strike
0-1: Foul Ball, location: 2F
0-2: Ball
1-2: Foul Ball, location: 2F
1-2: Strikes out looking
Batting: RHB Alejandro Ibarra 0-0: Swinging Strike
0-1: Ball
1-1: Called Strike
1-2: Ball
2-2: Strikes out looking
Batting: RHB Gabriel Pérez 0-0: Ball
1-0: Ball
2-0: Called Strike
2-1: Ball
3-1: Ground out 5-3 (Groundball, 56)
Bottom of the 4th over - 1 run(s), 1 hit(s), 0 error(s), 0 left on base; Florida 1 - Phoenix 12
TOP OF THE 5TH
Florida Men batting - Pitching for Phoenix Hotspur Reserves : RHP Aaron Campbell
Batting: RHB Frank Collins 0-0: Ball
1-0: Called Strike
1-1: SINGLE (Groundball, 56D)
Batting: LHB Mito Rin 0-0: Fly out, F8 (Line Drive, 8RS)
Batting: RHB Won-min Yi 0-0: Called Strike
Frank Collins is caught stealing 2nd base
0-1: Foul Ball, location: 2F
0-2: Ground out 4-3 (Groundball, 4M)
Top of the 5th over - 0 run(s), 1 hit(s), 0 error(s), 0 left on base; Florida 1 - Phoenix 12
BOTTOM OF THE 5TH
Phoenix Hotspur Reserves batting - Pitching for Florida Men : LHP Jim Unknown
Batting: RHB Ben Anderson 0-0: Called Strike
0-1: Called Strike
0-2: Ball
1-2: Ball
2-2: SINGLE (Groundball, 6MD)
Batting: SHB Roberto López 0-0: Called Strike
0-1: Ball
1-1: Ball
2-1: Ball
3-1: Foul Ball, location: 2F
3-2: Strikes out swinging
Batting: RHB Fernando Rivera 0-0: Ball
1-0: Ground out 4-3 (Groundball, 4S)
Ben Anderson to second
Batting: RHB Mike Alford 0-0: Ball
1-0: Foul Ball, location: 2F
1-1: Fly out, F9 (Flyball, 9LS)
Bottom of the 5th over - 0 run(s), 1 hit(s), 0 error(s), 1 left on base; Florida 1 - Phoenix 12
TOP OF THE 6TH
Florida Men batting - Pitching for Phoenix Hotspur Reserves : RHP Aaron Campbell
Batting: RHB Seon-keun Kim 0-0: Ball
1-0: Ball
2-0: Foul Ball, location: 2F
2-1: Fly out, F8 (Flyball, 8LM)
Batting: RHB Albert Morales 0-0: Ball
1-0: Called Strike
1-1: Ball
2-1: Ball
3-1: Swinging Strike
3-2: Base on Balls
Batting: LHB Bastyăo Lizardo 0-0: Foul Ball, location: 2F
0-1: Ball
1-1: SINGLE (Groundball, 25) (infield hit)
Albert Morales to second
Batting: LHB Jim Unknown 0-0: Foul Ball, location: 2F
0-1: Foul Ball, location: 2F
0-2: Ball
Wild Pitch!
Albert Morales to third
Bastyăo Lizardo to second
1-2: Strikes out swinging
Batting: RHB Carlos Rodríguez 0-0: Called Strike
0-1: Ground out 1-3 (Groundball, 15)
Top of the 6th over - 0 run(s), 1 hit(s), 0 error(s), 2 left on base; Florida 1 - Phoenix 12
BOTTOM OF THE 6TH
Phoenix Hotspur Reserves batting - Pitching for Florida Men : LHP Jim Unknown
Batting: RHB Júlio Mateo 0-0: Ball
1-0: Swinging Strike
1-1: Ball
2-1: Ball
3-1: Called Strike
3-2: Strikes out swinging
Batting: RHB Ed Sharp 0-0: Swinging Strike
0-1: Ball
1-1: Hit by Pitch
Batting: SHB Jesús González 0-0: Foul Ball, location: 2F
0-1: Ball
1-1: Foul Ball, location: 2F
1-2: Foul Ball, location: 2F
1-2: Strikes out looking
Batting: RHB Alejandro Ibarra Pickoff Throw to First - Out!
Bottom of the 6th over - 0 run(s), 0 hit(s), 0 error(s), 0 left on base; Florida 1 - Phoenix 12
TOP OF THE 7TH
Florida Men batting - Pitching for Phoenix Hotspur Reserves : RHP Aaron Campbell
Batting: RHB Jim Unknown 0-0: Ball
1-0: Fly out, F9 (Flyball, 89S)
Batting: RHB Frank Collins 0-0: Ball
1-0: Ball
2-0: Ball
3-0: Called Strike
3-1: Foul Ball, location: 2F
3-2: Base on Balls
Batting: LHB Mito Rin 0-0: Swinging Strike
0-1: Ball
1-1: Foul Ball, location: 2F
1-2: Ball
2-2: Ball
3-2: Base on Balls
Frank Collins to second
Pitching: RHP Luis Fernández
Batting: RHB Won-min Yi 0-0: SINGLE (Groundball, 5S)
Frank Collins to third
Mito Rin to second
Runner from 3rd tries for Home, throw and OUT!
Mito Rin to third
Won-min Yi to second
Batting: RHB Seon-keun Kim 0-0: Ball
Balk!
Mito Rin scores
Won-min Yi to third
1-0: Foul Ball, location: 2F
1-1: Ball
2-1: DOUBLE (Line Drive, 78XD)
Won-min Yi scores
Batting: RHB Albert Morales 0-0: Foul Ball, location: 2F
0-1: Ball
1-1: Ball
2-1: Fly out, F7 (Flyball, 7LM)
Top of the 7th over - 2 run(s), 2 hit(s), 0 error(s), 1 left on base; Florida 3 - Phoenix 12
BOTTOM OF THE 7TH
Phoenix Hotspur Reserves batting - Pitching for Florida Men : LHP Jim Unknown
Batting: RHB Alejandro Ibarra 0-0: Called Strike
0-1: Ball
1-1: SINGLE (Groundball, 3D)
Batting: RHB Gabriel Pérez 0-0: Ball
1-0: Bunted foul
1-1: Sac Bunt - play at first, batter OUT! 3-4
Alejandro Ibarra to second
Batting: RHB Ben Anderson 0-0: Ball
1-0: Ball
2-0: Foul Ball, location: 2F
2-1: Ball
3-1: Base on Balls
Batting: SHB Roberto López 0-0: Called Strike
0-1: Fly out, F5 (Popup, 56S)
Batting: RHB Fernando Rivera 0-0: Ground out 4-3 (Groundball, 4)
Bottom of the 7th over - 0 run(s), 1 hit(s), 0 error(s), 2 left on base; Florida 3 - Phoenix 12
TOP OF THE 8TH
Florida Men batting - Pitching for Phoenix Hotspur Reserves : RHP Luis Fernández
Now at 2B: John Boatner
Batting: LHB Bastyăo Lizardo 0-0: Ball
1-0: Foul Ball, location: 2F
1-1: Ball
2-1: Foul Ball, location: 2F
2-2: SINGLE (Flyball, 7LM)
Batting: LHB Jim Unknown 0-0: Called Strike
0-1: Ball
1-1: Ball
2-1: Foul Ball, location: 2F
2-2: Strikes out swinging
Batting: RHB Carlos Rodríguez 0-0: Swinging Strike
0-1: Ball
1-1: Called Strike
1-2: Strikes out swinging
Batting: RHB Jim Unknown 0-0: Ball
1-0: Foul Ball, location: 2F
1-1: Foul Ball, location: 2F
1-2: Fly out, F9 (Flyball, 9M)
Top of the 8th over - 0 run(s), 1 hit(s), 0 error(s), 1 left on base; Florida 3 - Phoenix 12
BOTTOM OF THE 8TH
Phoenix Hotspur Reserves batting - Pitching for Florida Men : LHP Jim Unknown
Batting: RHB Mike Alford 0-0: Ball
1-0: SINGLE (Line Drive, 3D)
Batting: RHB Júlio Mateo 0-0: Ball
1-0: Ball
2-0: Called Strike
2-1: Fly out, F9 (Popup, 34D)
Batting: RHB Ed Sharp 0-0: Ball
1-0: Swinging Strike
1-1: Called Strike
1-2: Fly out, F8 (Flyball, 8LM)
Batting: SHB Jesús González 0-0: Called Strike
0-1: Ball
1-1: Foul Ball, location: 2F
1-2: Ball
2-2: Ground out 4-3 (Groundball, 4)
Bottom of the 8th over - 0 run(s), 1 hit(s), 0 error(s), 1 left on base; Florida 3 - Phoenix 12
TOP OF THE 9TH
Florida Men batting - Pitching for Phoenix Hotspur Reserves : RHP Luis Fernández
Batting: RHB Frank Collins 0-0: Ball
1-0: Ground out U3 (Groundball, 3S)
Batting: LHB Mito Rin 0-0: Ball
1-0: Ball
2-0: Ball
3-0: Base on Balls
Batting: RHB Won-min Yi 0-0: Ball
1-0: SINGLE (Groundball, 4M)
Mito Rin to second
Runner from 2nd tries for 3rd, SAFE, throw made to third
Batting: RHB Seon-keun Kim 0-0: Called Strike
0-1: Called Strike
0-2: Ball
1-2: Strikes out swinging
Batting: RHB Albert Morales 0-0: Called Strike
0-1: Ball
1-1: Ground out 1-3 (Groundball, 23)
Top of the 9th over - 0 run(s), 1 hit(s), 0 error(s), 2 left on base; Florida 3 - Phoenix 12
This league is powered by Out of the Park Baseball, the baseball management simulation game for PC, Mac and Linux
Friday, April 15th, 2016 - OOTP Baseball 16.9 Build 39